 Dungeon Crawl Stone Soup version 0.28-a0-816-gb054d885db (webtiles) character file.

Game seed: 16393366336741814541

555 mcbry74 the Ruffian (level 7, -4/105 HPs)
             Began as a Troll Gladiator on Nov 8, 2021.
             Was a Believer of Cheibriados.
             Slain by a water moccasin (6 damage)
             ... on level 4 of the Dungeon.
             The game lasted 00:19:04 (2616 turns).

mcbry74 the Ruffian (Troll Gladiator)               Turns: 2616, Time: 00:19:04

Health: -4/105     AC:  5    Str: 26 (29) XL:     7   Next: 8%
Magic:  5/7        EV: 11    Int:  7 (8)  God:    Cheibriados [**....]
Gold:   177        SH:  0    Dex: 14 (15) Spells: 6/6 levels left

rFire   . . .      SeeInvis .     - Unarmed
rCold   . . .      Faith    .   (no shield)
rNeg    . . .      Spirit   .   a - +0 robe
rPois   .          Reflect  .   b - +0 hat
rElec   .          Harm     .   n - +0 cloak
rCorr   .          Rampage  .   (gloves unavailable)
Will    .....      Rage     1%  (boots unavailable)
Stlth   ..........              (no amulet)
HPRegen 1.27/turn               (no ring)
MPRegen 0.10/turn               (no ring)

@: berserking, lethally poisoned (-4 -> -4), very slow
A: large, unfitting armour, claws 3, regeneration 1, shaggy fur 1, tough skin 1,
berserk 1
a: Renounce Religion, Bend Time


You were on level 4 of the Dungeon.
You worshipped Cheibriados.
Cheibriados was pleased with you.
You visited 1 branch of the dungeon, and saw 4 of its levels.

You collected 177 gold pieces.

Inventory:

Missiles
 c - 3 throwing nets
 d - 148 stones (quivered)
Armour
 a - a +0 robe (worn)
 b - a +0 hat (worn)
 i - a +0 kite shield
 n - a +0 cloak (worn)
Scrolls
 e - a scroll of fog {unknown}
 g - a scroll of brand weapon {unknown}
 h - a scroll of noise {unknown}
 k - a scroll of blinking {unknown}
 l - 2 scrolls of magic mapping {unknown}
 o - a scroll of teleportation {unknown}
 r - a scroll of enchant armour {unknown}
Potions
 f - a potion of flight {unknown}
 j - a potion of degeneration
 m - a potion of lignification {unknown}
 p - a potion of mutation
 q - a potion of berserk rage


   Skills:
 * Level 4.2 Fighting
 + Level 2.8 Throwing
 + Level 3.6 Dodging
 + Level 4.4 Unarmed Combat
 + Level 2.0 Invocations


You had 6 spell levels left.
You didn't know any spells.
Your spell library contained the following spells:

 Spells                   Type           Power      Damage    Failure   Level
 Frozen Ramparts          Ice            0%         1d2       80%         3
 Ice Form                 Ice/Tmut       0%         N/A       99%         4
 Summon Ice Beast         Ice/Summ       0%         N/A       99%         4


Dungeon Overview and Level Annotations

Branches:
Dungeon (4/15)
 Temple: D:4-7

Altars:
Cheibriados
Makhleb
Okawaru
Ru
Sif Muna
Trog
Zin

Shops:
D:3 *   D:4 *


Innate Abilities, Weirdness & Mutations

You are too large for most types of armour.
You have claws for hands.
Your natural rate of healing is unusually fast.
You are covered in fur. (AC +1)
You have tough skin. (AC +1)
You tend to lose your temper in combat.


Message History

You feel sick. The water moccasin barely misses you.
Okay, then.
You barely miss the water moccasin.
You feel sick. The water moccasin barely misses you.
You scratch the water moccasin but do no damage.
You feel sick.
You barely miss the water moccasin. Your claw misses the water moccasin.
You feel sick. The water moccasin bites you.
* * * LOW HITPOINT WARNING * * *
You are more poisoned.
The water moccasin poisons you!
You scratch the water moccasin.
The water moccasin is moderately wounded.
* * * LOW HITPOINT WARNING * * *
You feel sick. The water moccasin closely misses you.
You barely miss the water moccasin.
The water moccasin is moderately wounded.
* * * LOW HITPOINT WARNING * * *
You feel sick. The water moccasin closely misses you.
It was a potion of mutation.
You feel extremely strange.
You feel a little pissed off.
* * * LOW HITPOINT WARNING * * *
You feel sick. The water moccasin closely misses you.
It was a potion of degeneration.
There was something very wrong with that liquid.
You feel weakened.
You feel dopey.
You feel clumsy.
* * * LOW HITPOINT WARNING * * *
You feel sick. The water moccasin misses you.
It was a potion of berserk rage.
A red film seems to cover your vision as you go berserk!
Cheibriados protects you from inadvertent hurry.
You feel mighty!
You feel sick. The water moccasin misses you.
You miss the water moccasin.
The water moccasin is lightly wounded.
You feel sick.
The water moccasin bites you but does no damage.
You claw the water moccasin!
The water moccasin is heavily wounded.
You feel sick. The water moccasin bites you.
You die...

..# #.....
##'##
##...###.####
#...#
##.(...## #
#.∩.#
#.......#.#
... #.........
###)# .......#
#...# ..)...#
#..#######...#
#..S@......#
.######
##########)#
.......
#.##########
#.....>.....
############


You could see a water moccasin (slow).

Vanquished Creatures
  A water moccasin (D:4)
  A gnoll sergeant (D:4)
  A jelly (D:4)
  2 orc priests (D:3)
  Crazy Yiuf (D:2)
  An iguana (D:2)
  2 orc wizards (D:4)
  6 adders
  3 gnolls (D:4)
  2 ufetubi (D:4)
  A worm (D:3)
  A dart slug (D:4)
  16 orcs
  4 bats
  8 endoplasms
  4 giant cockroaches
  6 goblins
  2 hobgoblins (D:2)
  2 quokkas
  7 ball pythons
  6 frilled lizards
  9 kobolds
  9 rats
95 creatures vanquished.

Notes
Turn   | Place    | Note
-------+----------+-------------------------------------------
     0 | D:1      | mcbry74 the Troll Gladiator began the quest for the Orb.
     0 | D:1      | Reached XP level 1. HP: 19/19 MP: 0/0
    84 | D:1      | Found a faded altar of an unknown god.
   207 | D:1      | Reached XP level 2. HP: 28/28 MP: 1/1
   427 | D:2      | Reached XP level 3. HP: 35/35 MP: 2/2
   530 | D:2      | Found a snail-covered altar of Cheibriados.
   585 | D:2      | Became a worshipper of Cheibriados the Contemplative
  1083 | D:2      | Reached XP level 4. HP: 15/44 MP: 3/3
  1271 | D:2      | Found a runed translucent door.
  1272 | D:2      | Noticed Crazy Yiuf
  1278 | D:2      | Killed Crazy Yiuf
  1587 | D:3      | Reached XP level 5. HP: 50/53 MP: 4/4
  1645 | D:3      | Found Zin's Purification Station.
  1647 | D:3      | Found a glowing silver altar of Zin.
  1656 | D:3      | Found a sacrificial altar of Ru.
  1720 | D:3      | Reached * piety under Cheibriados
  1895 | D:3      | Found a shimmering blue altar of Sif Muna.
  1950 | D:3      | Reached skill level 1 in Invocations
  2358 | D:4      | Reached XP level 6. HP: 56/61 MP: 5/5
  2390 | D:4      | Reached ** piety under Cheibriados
  2436 | D:4      | Found a burning altar of Makhleb.
  2436 | D:4      | Found a bloodstained altar of Trog.
  2437 | D:4      | Found an iron altar of Okawaru.
  2587 | D:4      | Found Cepsuczy's Serpentskin Sales.
  2587 | D:4      | Noticed a water moccasin
  2587 | D:4      | Noticed a water moccasin
  2604 | D:4      | Killed a water moccasin
  2605 | D:4      | Reached XP level 7. HP: 15/70 MP: 7/7
  2611 | D:4      | HP: 3/70 [poisoned by a water moccasin]
  2612 | D:4      | Gained mutation: You tend to lose your temper in combat.
                  | [potion of mutation]
  2616 | D:4      | HP: 2/105 [poisoned by a water moccasin]
  2616 | D:4      | Slain by a water moccasin

Illustrated notes

Levels and vault maps discovered:
D:1:      lightli_arrival_noodles, layout_rooms,
          ebering_ecumenical_altar_abandoned, wad_floor_pattern_2
D:2:      kb_forest_paths, layout_basic, basic_altar,
          ebering_dispersal_statue_hall, uniq_crazy_yiuf_cottage
D:3:      layout_basic, amcnicky_altar_gilded, zin_purify,
          mainiacjoe_overflow_concentric_impassable
D:4:      layout_loops_ring, gammafunk_temple_overflow_forgotten,
          chequers_decorated_corner, guppyfry_shop_venom

Skill      XL: |  1  2  3  4  5  6 |
---------------+-------------------+-----
Fighting       | 2 3 4 |  4.2
Dodging        | 3 |  3.6
Throwing       | 2 |  2.8
Unarmed Combat | 4 |  4.4
Invocations    | 1 2 |  2.0

Action                   |  1- 3 |  4- 6 |  7- 9 || total
-------------------------+-------+-------+-------++-------
Melee: Unarmed           |   103 |   125 |     8 ||   236
       Punch             |     2 |     2 |       ||     4
Throw: Stone             |       |     8 |       ||     8
Invok: Bend Time         |       |     3 |     1 ||     4
  Use: Potion            |       |       |     3 ||     3
 Stab: Sleeping          |     3 |     1 |       ||     4
Armor: Robe              |    26 |    23 |     1 ||    50
Dodge: Dodged            |    24 |    54 |     8 ||    86

Table legend: (Time is in decaauts)
 A = Elapsed time spent in this place.
 B = Non-inter-level travel time spent in this place.
 C = Inter-level travel time spent in this place.
 D = Time resting spent in this place.
 E = Time spent auto-exploring this place.
 F = Levels seen in this place.
 G = Mean time per level.
                   A        B        C        D        E       F      G
               +--------+--------+--------+--------+--------+-----+--------+
         Total |   3163 |   3094 |     69 |    156 |   2112 |   4 |  790.8 |
       Dungeon |   3163 |   3094 |     69 |    156 |   2112 |   4 |  790.8 |
               +--------+--------+--------+--------+--------+-----+--------+

Top non-repeatable levels by time:
     D:2: 1359 daAuts
     D:3: 866 daAuts
     D:4: 516 daAuts
     D:1: 420 daAuts
